 Dungeon Crawl Stone Soup version 0.30-a0-913-g9934a0ce24 (webtiles) character file.

Game seed: 7729217308393711069

117538 DeathPants the Warrior (level 16, -6/98 HPs)
             Began as a Vine Stalker Artificer on Mar 19, 2023.
             Was an Initiate of Gozag.
             Mangled by a water elemental (9 damage)
             ... led by a merfolk aquamancer
             ... on level 1 of the Shoals.
             The game lasted 01:51:39 (26331 turns).

DeathPants the Warrior (Vine Stalker Artificer)    Turns: 26331, Time: 01:51:40

Health: -6/98      AC: 15    Str: 16    XL:     16   Next: 74%
Magic:  0/17       EV: 18    Int: 17    God:    Gozag
Gold:   1589       SH: 13    Dex: 30    Spells: 15/15 levels left

rFire   + . .      SeeInvis +    a - +7 quick blade (drain)
rCold   . . .      Faith    .    o - +0 buckler
rNeg    . . .      Spirit   +    F - +5 leather armour "Geygg" {Int+6}
rPois   .          Reflect  +    g - +0 mask of the Dragon {Will+ Slay+3 SInv}
rElec   .          Rampage  +    q - +2 cloak
rCorr   .                        h - +0 pair of gloves
Will    +++..                    f - +2 pair of boots {rampage}
Stlth   ++++++                   K - amulet of reflection
HPRegen 1.16/turn                i - +6 ring of dexterity
MPRegen 0.15/turn                V - ring "Vupuma Baax" {rF+ Dex+2}

@: engulfed (cannot breathe)
A: fangs 3, regeneration 1, magic shield, antimagic bite, no potion heal 2,
devolution 1
a: Renounce Religion, Potion Petition, Call Merchant, Bribe Branch


You were on level 1 of the Shoals.
You worshipped Gozag.
Gozag was most pleased with you.
You visited 4 branches of the dungeon, and saw 24 of its levels.
You also visited: Ossuary.

You collected 9346 gold pieces.
You spent 5246 gold pieces at shops.
You paid 2511 gold pieces to Gozag.

Inventory:

Hand Weapons
 a - a +7 quick blade of draining (weapon)
 b - a +2 double sword of electrocution
 X - a +1 scimitar of flaming
Missiles
 s - 2 throwing nets
 v - 6 curare-tipped darts (quivered)
Armour
 e - the +2 ring mail of the Orcish Mines {Int+8}
   (You found it on level 11 of the Dungeon)

   Int:       It affects your intelligence (+8).
 f - a +2 pair of boots of rampaging (worn)
 g - the +0 mask of the Dragon (worn) {Will+ Slay+3 SInv}
   (You bought it in a shop on level 2 of the Orcish Mines)

   Slay:      It affects your accuracy & damage with ranged weapons and melee
   (+3).
   SInv:      It lets you see invisible.
   Will:      It increases your willpower.
 h - a +0 pair of gloves (worn)
 o - a +0 buckler (worn)
 q - a +2 cloak (worn)
 F - the +5 leather armour "Geygg" (worn) {Int+6}
   (You found it on level 7 of the Dungeon)

   Int:       It affects your intelligence (+6).
 L - the +5 plate armour of the Comet {Slay+2}
   (You found it on level 13 of the Dungeon)

   Slay:      It affects your accuracy & damage with ranged weapons and melee
   (+2).
Jewellery
 i - a +6 ring of dexterity (left hand)
 w - a ring of positive energy
 H - a ring of willpower
 J - a ring of fire
 K - an amulet of reflection (around neck)
 R - a ring of ice
 V - the ring "Vupuma Baax" (right hand) {rF+ Dex+2}
   (You found it on level 14 of the Dungeon)

   [ring of protection from fire]

   Dex:       It affects your dexterity (+2).
   rF:        It protects you from fire.
Wands
 d - a wand of charming (14)
 k - a wand of flame (8)
 n - a wand of paralysis (14)
 y - a wand of mindburst (26)
 C - a wand of polymorph (8)
 N - a wand of digging (5)
 P - a wand of roots (17)
 S - a wand of light (19)
Scrolls
 c - 3 scrolls of fog
 j - 7 scrolls of amnesia
 u - 3 scrolls of vulnerability
 I - 5 scrolls of magic mapping
 M - 12 scrolls of teleportation
 Q - 9 scrolls of identify
 T - 2 scrolls of fear
 U - 2 scrolls of blinking
 W - a scroll of brand weapon
Potions
 l - 8 potions of mutation
 r - 4 potions of haste
 t - 2 potions of resistance
 x - 7 potions of attraction
 z - 2 potions of lignification
 A - 3 potions of magic
 B - 7 potions of flight
 D - 4 potions of ambrosia
 E - 4 potions of curing
 G - a potion of cancellation
 Y - a potion of might
Miscellaneous
 p - a phial of floods (inert)
 O - a condenser vane (inert)


   Skills:
 - Level 17.2 Fighting
 - Level 8.0(11.5) Short Blades
 - Level 13.1(14.0) Long Blades
 - Level 2.7 Armour
 * Level 7.1 Dodging
 * Level 13.0 Stealth
 - Level 6.1 Shields
 * Level 11.7 Evocations


You had 15 spell levels left.
You didn't know any spells.
Your spell library contained the following spells:

 Spells                   Type           Power      Damage    Failure   Level
 Freeze                   Ice            0%         1d3       36%         1
 Magic Dart               Conj           0%         1d3       36%         1
 Necrotise                Necr           0%         1d4       36%         1
 Sandblast                Erth           0%         2d4       36%         1
 Summon Small Mammal      Summ           0%         N/A       36%         1
 Cigotuvi's Dreadful Rot  Necr/Pois/Air  0%         N/A       50%         2
 Passwall                 Tmut/Erth      0%         N/A       50%         2
 Searing Ray              Conj           0%         2d4       50%         2
 Sublimation of Blood     Necr           0%         N/A       50%         2
 Call Canine Familiar     Summ           0%         N/A       73%         3
 Frozen Ramparts          Ice            0%         1d1       73%         3
 Hailstorm                Conj/Ice       0%         3d3       73%         3
 Inner Flame              Hex/Fire       0%         N/A       73%         3
 Ozocubu's Armour         Ice            0%         N/A       73%         3
 Stone Arrow              Conj/Erth      0%         3d7       73%         3
 Summon Guardian Golem    Hex/Summ       0%         N/A       73%         3
 Vampiric Draining        Necr           0%         2d6       73%         3
 Cause Fear               Hex            0%         N/A       98%         4
 Dispel Undead            Necr           0%         3d6       98%         4
 Fulminant Prism          Conj/Hex       0%         3d5       98%         4
 Petrify                  Tmut/Erth      0%         N/A       98%         4
 Agony                    Necr           0%         N/A       100%        5
 Borgnjor's Vile Clutch   Necr/Erth      0%         N/A       100%        5
 Irradiate                Conj/Tmut      0%         3d11      100%        5
 Conjure Ball Lightning   Conj/Air       0%         3x3d6     100%        6
 Death Channel            Necr           0%         N/A       100%        6
 Statue Form              Tmut/Erth      0%         N/A       100%        6
 Ozocubu's Refrigeration  Ice            0%         4d7       100%        7
 Discord                  Hex            0%         N/A       100%        8
 Disjunction              Tloc           0%         N/A       100%        8
 Animate Dead             Necr           Unusable   N/A       N/A         4

Dungeon Overview and Level Annotations

Branches:
Dungeon (15/15)            Temple (0/1) D:5            Lair (5/5) D:10
 Shoals (2/4) Lair:2       Spider (0/4) Lair:3        Slime (0/5) Lair:5
    Orc (2/2) D:11            Elf (0/3) Orc:2        Vaults (0/5) D:13
 Depths (0/4) D:15        Ossuary (visited)

Altars:
Ashenzari
Cheibriados
Elyvilon
Fedhas
Gozag
Hepliaklqana
Nemelex Xobeh
Okawaru
Qazlal
Ru
Sif Muna
Trog
Uskayaw
Vehumet
Xom
Yredelemnul
Zin
The Shining One
Jiyva

Shops:
D:11 ?   D:12 *   D:15 ?   Orc:2 (**((*:[[(((*

Portals:
Trove: D:12 (give +4 fire dragon scales)

Annotations:
D:10 1 runed translucent door, exclusion: 3 orange crystal statues
D:12 Edeudim Zabb's ghost, journeyman FoFi; Lait Gas's ghost, journeyman MiFi; bobarctor's ghost, journeyman DsNe


Innate Abilities, Weirdness & Mutations

You have razor-sharp teeth.
Your natural rate of healing is unusually fast.
When hurt, damage is shared between your health and your magic reserves.
Your bite disrupts and absorbs the magic of your enemies.
Potions cannot restore your health.
You have hidden genetic defects.


Message History

The merfolk aquamancer is almost dead.
* * * LOW HITPOINT WARNING * * *
Your lungs strain for air!
The merfolk barely misses you. The water elemental misses you.
The merfolk aquamancer misses you.
Your unstable footing causes you to fumble your attack.
* * * LOW HITPOINT WARNING * * *
Your lungs strain for air!
You barely miss the merfolk aquamancer. You bite the merfolk aquamancer!
You kill the merfolk aquamancer!
You now have 1589 gold pieces (gained 7).
You hear a splash. x2
* * * LOW HITPOINT WARNING * * *
Your lungs strain for air!
The water elemental closely misses you.
Your life force feels restored.
Your Stealth skill increases to level 13!
Why would you want to do that?
Unknown command.
The water elemental attacks as you move away!
You block the water elemental's attack.
You slip free of the water engulfing you.
You gasp with relief as air once again reaches your lungs.
The water elemental hits you!
* * * LOW HITPOINT WARNING * * *
The water elemental engulfs you in water!
The water elemental is engulfed in a cloud of scalding steam.
You block the merfolk's attack.
The water elemental completely misses you.
The water elemental is engulfed in a cloud of scalding steam.
The water elemental barely misses you.
You cannot read scrolls while unable to breathe!
Okay, then.
Clouds of poison gas condense around you!
The condenser dries out!
* * * LOW HITPOINT WARNING * * *
Your lungs strain for air!
The water elemental hits you!
You die...
Your body crumbles into a pile of gold.

....# #.~≈≈≈≈≈~~~~~~~...
....###.≈≈≈≈≈~~~≈≈≈~~P..
.~~.?#..~≈≈≈~~~~≈≈~~.~~~
~~~~~.~~~~~~~~~~~~≈~~≈≈~
~~P~P~~~~~~~~~~~~≈≈≈≈≈≈P
~P~~~~~~~~~~~~§§§~≈≈≈≈≈≈
~~≈≈≈≈≈≈≈≈~~~~§m§§§≈≈≈PP
~~≈≈≈≈≈≈≈≈≈~"~§EEE§~~..~
≈≈≈≈≈≈≈≈≈≈≈≈≈~§§@§§~...~
≈≈≈≈≈≈≈≈≈≈≈≈≈~~~~~~P~P~~
≈≈≈≈≈≈≈≈≈≈≈≈≈~~§~~.~~~~P
≈≈≈≈≈≈≈≈≈≈≈≈≈≈~~§.P~P~~~
≈≈≈≈≈≈≈≈≈≈≈≈≈§§§~~~PPPP~
≈≈≈≈≈≈≈≈≈≈≈§≈~~~~~~~~
≈≈≈≈≈≈≈≈≈≈≈≈≈~~~~~~~
≈≈≈≈≈≈≈≈≈≈≈≈≈≈≈


You could see a merfolk and 3 water elementals.

Vanquished Creatures
  Gastronok (D:11)
  A fire giant (D:12)
  The ghost of Opnastoc the Severer, a journeyman MiBe of Trog (D:14)
  5 dire elephants
  Azrael (D:15)
  A fire dragon (D:14)
  A rakshasa (D:14)
  10 hydras
  A merfolk aquamancer (Shoals:1)
  A death knight (D:14)
  8 boulder beetles
  2 dancing weapons (D:13)
  3 two-headed ogres
  4 centaur warriors
  12 death yaks
  A tengu warrior (D:14)
  A spectral dire elephant (Lair:5)
  11 orc high priests
  Nergalle (D:12)
  6 skysharks
  A spectral death yak (Lair:5)
  2 sea snakes (Shoals:1)
  5 skeletal warriors
  Lodul (D:10)
  A spectral anaconda (Lair:5)
  A wizard (D:14)
  3 lindwurms
  An orange crystal statue (D:10)
  3 orc knights
  An obsidian statue (Lair:5)
  3 harpies (Lair:2)
  4 necromancers (Lair:5)
  11 ugly things
  3 orc sorcerers (Orc:1)
  4 cyclopes
  An oklob plant (Lair:2)
  4 manticores
  19 elephants
  4 black mambas
  A naga mage (D:15)
  3 gargoyles
  A torpor snail (Lair:5)
  16 cane toads
  2 kobold demonologists
  An efreet (D:12)
  6 rime drakes
  4 unseen horrors
  A tengu conjurer (D:14)
  8 komodo dragons
  A freezing wraith (D:12)
  A queen bee (Lair:1)
  9 trolls
  A tarantella (Lair:3)
  4 polar bears
  5 blink frogs (Lair:1)
  15 dream sheep (Lair:5)
  Grinder (D:5)
  2 spectral elephants (Lair:5)
  A culicivora (Lair:3)
  9 slime creatures
  A water elemental (Shoals:1)
  A vampire (D:12)
  5 jumping spiders (Lair:3)
  7 wyverns
  Sigmund (D:5)
  A spriggan (Lair:3)
  4 shadows
  4 wraiths
  2 basilisks (Lair:1)
  44 yaks
  2 hogs (shapeshifter)
  4 redbacks (Lair:3)
  4 steam dragons
  4 fire elementals
  3 vampire mosquitoes (D:14)
  12 wargs
  A death yak simulacrum (Lair:5)
  17 water moccasins
  Duvessa (D:7)
  2 hell hounds (D:14)
  10 orc warriors
  2 sky beasts (D:7)
  An elephant zombie (Lair:5)
  The ghost of pussydestroy1997 the Insei, an amateur GnCK of Xom (D:3)
  An ice beast (D:5)
  6 black bears
  14 ogres
  3 wolves (Lair:1)
  3 centaurs
  2 phantoms
  An elf zombie (Ossuary)
  2 kobold brigands
  An elf skeleton (D:8)
  7 bullfrogs
  4 cane toad simulacra (Lair:5)
  3 scorpions
  2 gnoll sergeants
  A wight (D:7)
  Dowan (D:7)
  2 elephant simulacra (Lair:5)
  19 killer bees (Lair:1)
  9 howler monkeys
  An electric eel (Lair:5)
  6 lava snakes
  3 human zombies
  3 centaur zombies (Ossuary)
  2 hounds
  2 gnoll boudas
  A jelly (D:4)
  38 orc priests
  3 sleepcaps
  Natasha (thrice) (D:3)
  A human skeleton (D:8)
  6 hell rats (Lair:5)
  21 orc wizards
  A hound zombie (Ossuary)
  3 mummies (Ossuary)
  Robin (D:3)
  21 gnolls
  5 adders
  3 ufetubi
  4 adder zombies (Ossuary)
  A worm (D:2)
  A dart slug (D:1)
  70 orcs
  7 bats
  8 endoplasms
  4 giant cockroaches
  2 gnoll zombies (Ossuary)
  15 goblins
  9 hobgoblins
  6 jackals
  4 quokkas
  3 training dummies (Orc:2)
  8 ball pythons
  5 frilled lizards
  9 goblin zombies (Ossuary)
  2 hobgoblin zombies (Ossuary)
  5 jackal zombies (Ossuary)
  20 kobolds
  2 orc skeletons (D:8)
  2 orc zombies (Ossuary)
  2 quokka zombies (Ossuary)
  2 rats
  3 rat zombies (Ossuary)
769 creatures vanquished.

Vanquished Creatures (others)
  2 bushes (Lair:5)
  27 fungi
  39 plants
  9 withered plants (Lair:5)
77 creatures vanquished.

Grand Total: 846 creatures vanquished

Notes
Turn   | Place    | Note
-------+----------+-------------------------------------------
     0 | D:1      | DeathPants the Vine Stalker Artificer began the quest for
                  | the Orb.
     0 | D:1      | Reached XP level 1. HP: 9/9 MP: 2/2
   113 | D:1      | Reached skill level 1 in Fighting
   219 | D:1      | Reached skill level 1 in Dodging
   219 | D:1      | Reached XP level 2. HP: 9/14 MP: 1/3
   614 | D:1      | Reached XP level 3. HP: 18/18 MP: 4/4
  1171 | D:2      | Reached skill level 1 in Short Blades
  1277 | D:3      | Found a sacrificial altar of Ru.
  1654 | D:2      | Gained mutation: Your natural rate of healing is unusually
                  | fast. [Vine Stalker growth]
  1654 | D:2      | Reached XP level 4. HP: 17/22 MP: 3/5
  2206 | D:3      | Found an opulent altar of Gozag.
  2207 | D:3      | Noticed Robin
  2208 | D:3      | Found a hazy altar of Hepliaklqana.
  2208 | D:3      | Found a bloodstained altar of Trog.
  2208 | D:3      | Found a stormy altar of Qazlal.
  2213 | D:3      | Reached XP level 5. HP: 26/26 MP: 6/6
  2216 | D:3      | Reached skill level 2 in Fighting
  2228 | D:3      | Killed Robin
  2266 | D:3      | Became a worshipper of Gozag Ym Sagoz the Greedy
  2326 | D:3      | Noticed Natasha
  2338 | D:3      | Killed Natasha
  2438 | D:3      | Noticed Natasha
  2471 | D:3      | Killed Natasha
  2507 | D:3      | Found a sparkling altar of Nemelex Xobeh.
  2513 | D:3      | Noticed Natasha
  2521 | D:3      | Killed Natasha
  2684 | D:3      | Found a runed translucent gate.
  2685 | D:3      | Found a runed translucent gate.
  2686 | D:3      | Found a runed translucent gate.
  2686 | D:3      | Noticed pussydestroy1997's ghost (amateur GnCK)
  3000 | D:4      | Reached XP level 6. HP: 30/32 MP: 5/7
  3049 | D:4      | Found a white marble altar of Elyvilon.
  3133 | D:4      | Found a shimmering altar of Xom.
  3385 | D:5      | Entered Level 5 of the Dungeon
  3405 | D:4      | Identified the +10 flail of Zecaraun {heavy, rF+}
  3562 | D:4      | Reached skill level 3 in Fighting
  3965 | D:5      | Found a radiant altar of Vehumet.
  3979 | D:5      | Reached XP level 7. HP: 17/36 MP: 0/8
  4077 | D:5      | Noticed Grinder
  4084 | D:5      | Killed Grinder
  4085 | D:5      | Found a staircase to the Ecumenical Temple.
  4111 | D:5      | Reached skill level 4 in Fighting
  4162 | D:5      | Reached skill level 5 in Evocations
  4326 | D:5      | Gained mutation: You have razor-sharp teeth. [Vine Stalker
                  | growth]
  4326 | D:5      | Reached XP level 8. HP: 42/42 MP: 6/9
  4440 | D:5      | Found a basalt altar of Yredelemnul.
  4706 | D:5      | Noticed Sigmund
  4716 | D:5      | Found a blossoming altar of Fedhas.
  4716 | D:5      | Killed Sigmund
  4717 | D:5      | Reached skill level 5 in Short Blades
  4949 | D:6      | Reached skill level 5 in Fighting
  4949 | D:6      | Reached skill level 5 in Stealth
  5059 | D:7      | Noticed Dowan
  5071 | D:6      | Found a broken altar of Ashenzari.
  5336 | D:6      | Identified 3 scrolls of acquirement
  5336 | D:6      | Acquired 307 gold pieces
  5337 | D:6      | Acquired a +4 quick blade of draining
  5338 | D:6      | Acquired a manual of Fighting
  5503 | D:7      | Identified the +5 leather armour "Geygg" {Int+6}
  5539 | D:8      | Reached XP level 9. HP: 47/47 MP: 10/10
  5575 | D:8      | Found a sand-covered staircase.
  5593 | Ossuary  | Entered an ossuary
  5906 | Ossuary  | Reached skill level 6 in Fighting
  6166 | D:7      | Noticed Duvessa
  6176 | D:7      | Killed Duvessa
  6297 | D:8      | Identified the +4 war axe of Gnashing Doom {drain, rN+
                  | Str-2 Int+4 Stlth+}
  6466 | D:7      | Reached skill level 7 in Fighting
  6604 | D:7      | Found an iron altar of Okawaru.
  6693 | D:7      | Killed Dowan
  6943 | D:7      | Reached XP level 10. HP: 56/56 MP: 11/11
  6985 | D:7      | Reached skill level 8 in Fighting
  7247 | D:7      | Reached skill level 1 in Shields
  7830 | D:8      | Noticed a two-headed ogre
  7840 | D:8      | Killed a two-headed ogre
  8067 | D:8      | Reached skill level 9 in Fighting
  8246 | D:10     | Entered Level 10 of the Dungeon
  8252 | D:10     | Found a runed translucent door.
  8367 | D:9      | Found a shimmering blue altar of Sif Muna.
  9567 | D:10     | Found the +10 tower shield of Ignorance {rN+ Int-4}
  9684 | D:10     | Found a runed translucent door.
  9700 | D:11     | Noticed Lodul
  9719 | D:10     | Killed Lodul
  9720 | D:10     | Reached skill level 10 in Fighting
  9744 | D:10     | Reached XP level 11. HP: 48/63 MP: 12/12
  9779 | D:11     | Noticed Gastronok
  9787 | D:10     | Noticed an orange crystal statue
  9795 | D:10     | Noticed a two-headed ogre
  9803 | D:10     | Found a snail-covered altar of Cheibriados.
  9826 | D:10     | Killed a two-headed ogre
  9925 | D:10     | Reached skill level 5 in Shields
  9961 | D:10     | Reached skill level 11 in Fighting
 10419 | D:10     | Noticed a two-headed ogre
 10431 | D:10     | Killed a two-headed ogre
 10455 | D:10     | Found a staircase to the Lair.
 10612 | D:10     | Found a glowing golden altar of the Shining One.
 10701 | D:11     | Killed Gastronok
 10744 | D:11     | Noticed a cyclops
 10760 | D:11     | Reached skill level 12 in Fighting
 10907 | D:11     | Noticed a cyclops
 10927 | D:11     | Killed a cyclops
 10928 | D:11     | Reached skill level 5 in Dodging
 10948 | D:11     | Killed a cyclops
 10985 | D:11     | Identified the +2 ring mail of the Orcish Mines {Int+8}
 11194 | D:11     | Found a staircase to the Orcish Mines.
 11233 | D:11     | Reached XP level 12. HP: 69/72 MP: 13/13
 11339 | D:11     | Found Afuejaem's Magic Scroll Shoppe.
 11350 | D:11     | Reached skill level 1 in Long Blades
 11383 | D:11     | Bought a scroll of enchant weapon for 105 gold pieces
 11383 | D:11     | Bought a scroll of fear for 56 gold pieces
 11383 | D:11     | Bought a scroll of enchant armour for 105 gold pieces
 11383 | D:11     | Bought a scroll of fear for 56 gold pieces
 11425 | D:11     | Found a hide-covered altar of Uskayaw.
 11769 | D:13     | Identified the +5 plate armour of the Comet {Slay+2}
 11905 | D:13     | Noticed a boulder beetle
 11933 | D:13     | Killed a boulder beetle
 11934 | D:13     | Reached skill level 13 in Fighting
 11934 | D:13     | Reached skill level 10 in Stealth
 11998 | D:12     | Noticed Nergalle
 12006 | D:12     | Killed Nergalle
 12025 | D:12     | Found a glowing silver altar of Zin.
 12149 | D:12     | Noticed a five-headed hydra
 12159 | D:12     | Killed a five-headed hydra
 12187 | D:12     | Noticed a centaur warrior
 12189 | D:12     | Killed a centaur warrior
 12198 | D:12     | Noticed a fire giant
 12223 | D:12     | Killed a fire giant
 12224 | D:12     | Reached skill level 5 in Long Blades
 12331 | D:12     | Noticed a boulder beetle
 12331 | D:12     | Noticed a centaur warrior
 12337 | D:12     | Noticed a boulder beetle
 12346 | D:12     | Killed a centaur warrior
 12357 | D:12     | Killed a boulder beetle
 12372 | D:12     | Killed a boulder beetle
 12373 | D:12     | Reached skill level 14 in Fighting
 12512 | D:12     | Found Jerogg's Demolitions Depot.
 12524 | D:12     | Bought a phial of floods for 640 gold pieces
 12524 | D:12     | Bought a wand of light (5) for 336 gold pieces
 12544 | D:12     | Reached XP level 13. HP: 79/79 MP: 14/14
 12630 | D:12     | Found a portal to a secret trove of treasure.
 12684 | D:12     | Found a runed translucent gate.
 12684 | D:12     | Found a runed translucent gate.
 12685 | D:12     | Found a runed translucent gate.
 12686 | D:12     | Noticed Lait Gas's ghost (journeyman MiFi)
 12686 | D:12     | Noticed Edeudim Zabb's ghost (journeyman FoFi)
 12686 | D:12     | Noticed bobarctor's ghost (journeyman DsNe)
 12819 | Lair:1   | Entered Level 1 of the Lair of Beasts
 14023 | Lair:2   | Found a staircase to the Shoals.
 14884 | Lair:3   | Reached skill level 15 in Fighting
 14884 | Lair:3   | Reached XP level 14. HP: 53/86 MP: 15/15
 15459 | Lair:3   | Found a runed translucent door.
 15491 | Lair:3   | Identified the +0 hat of Eternal Night {Harm *Slow rPois
                  | Dex+6}
 15500 | Lair:3   | Found a runed translucent gate.
 15500 | Lair:3   | Found a runed translucent gate.
 15500 | Lair:3   | Found a runed translucent gate.
 15500 | Lair:3   | Found a runed translucent gate.
 15501 | Lair:3   | Found a runed translucent gate.
 15503 | Lair:3   | Found a runed translucent gate.
 15825 | Lair:3   | Found a hole to the Spider Nest.
 16210 | Lair:3   | Reached skill level 10 in Long Blades
 16555 | Lair:5   | Entered Level 5 of the Lair of Beasts
 16984 | Lair:4   | You fall into a shaft and drop 1 floor!
 18083 | Lair:5   | Reached skill level 16 in Fighting
 18083 | Lair:5   | Reached XP level 15. HP: 86/91 MP: 16/16
 18892 | Lair:5   | Found the +6 lightning scales {swift, rElec}
 19497 | Lair:5   | Found a viscous altar of Jiyva.
 19497 | Lair:5   | Found a staircase to the Slime Pits.
 19944 | D:3      | Killed pussydestroy1997's ghost
 20797 | D:13     | Found a gate to the Vaults.
 20809 | D:13     | Reached skill level 10 in Evocations
 20824 | D:13     | Identified the +4 hand axe of Balance {flame, Int+2}
 21571 | D:14     | Noticed Opnastoc's ghost (journeyman MiBe)
 21573 | D:14     | Found a runed translucent gate.
 21573 | D:14     | Found a runed translucent gate.
 21573 | D:14     | Found a runed translucent gate.
 21618 | D:14     | Killed Opnastoc's ghost
 21631 | D:14     | Identified the ring "Vupuma Baax" {rF+ Dex+2}
 21684 | D:15     | Entered Level 15 of the Dungeon
 21760 | D:14     | Reached XP level 16. HP: 98/98 MP: 17/17
 21953 | D:14     | Reached skill level 17 in Fighting
 21971 | D:15     | Noticed Azrael
 22364 | D:15     | Killed Azrael
 22934 | D:15     | Found a staircase to the Depths.
 22963 | D:15     | Got the Compilation of Rotation
 23421 | D:15     | Found Weulo's Magic Scroll Shoppe.
 23424 | D:15     | Bought a scroll of magic mapping for 112 gold pieces
 23424 | D:15     | Bought a scroll of magic mapping for 112 gold pieces
 23424 | D:15     | Bought a scroll of teleportation for 45 gold pieces
 23424 | D:15     | Bought a scroll of teleportation for 45 gold pieces
 23424 | D:15     | Bought a scroll of fear for 60 gold pieces
 23659 | Orc:1    | Entered Level 1 of the Orcish Mines
 24124 | Orc:2    | Entered Level 2 of the Orcish Mines
 24376 | Orc:2    | Found Eraxzone's Book Shoppe.
 24569 | Orc:2    | Found Weliruv's General Store.
 24574 | Orc:2    | Found Yvurit's Assorted Antiques.
 24606 | Orc:2    | Bought a potion of mutation for 248 gold pieces
 24606 | Orc:2    | Bought a potion of flight for 93 gold pieces
 24606 | Orc:2    | Bought a wand of paralysis (4) for 297 gold pieces
 24613 | Orc:2    | Found Zisiciax's Weapon Boutique.
 24615 | Orc:2    | Bought a potion of curing for 39 gold pieces
 24641 | Orc:2    | Found Kufehits's Firing Range.
 24685 | Orc:2    | Found Losoyp's Weapon Emporium.
 24817 | Orc:2    | Found Listeq's Armour Emporium.
 24825 | Orc:2    | Bought the +0 mask of the Dragon {Will+ Slay+3 SInv} for
                  | 567 gold pieces
 24825 | Orc:2    | Found the +0 mask of the Dragon {Will+ Slay+3 SInv}
 24897 | Orc:2    | Found a staircase to the Elven Halls.
 24963 | Orc:2    | Found Soorhomm's Weapon Shoppe.
 24963 | Orc:2    | Found Pogeytea's Antique Armour Shop.
 25524 | Orc:2    | Found Ullez's General Store.
 25581 | Orc:2    | Gained mutation: You have hidden genetic defects. [a
                  | neqoxec]
 25710 | Orc:2    | Bought a scroll of fog for 72 gold pieces
 25710 | Orc:2    | Bought a potion of resistance for 180 gold pieces
 25710 | Orc:2    | Bought a potion of mutation for 144 gold pieces
 25854 | Orc:2    | Bought a glowing double sword for 576 gold pieces
 25861 | Orc:2    | Bought a glimmering short sword for 256 gold pieces
 25861 | Orc:2    | Identified the +8 short sword of Awuleq {freeze, Stlth+}
                  | (You bought it in a shop on level 2 of the Orcish Mines)
 25865 | Orc:2    | Bought a potion of resistance for 350 gold pieces
 25865 | Orc:2    | Bought a scroll of fear for 140 gold pieces
 25865 | Orc:2    | Bought a potion of haste for 350 gold pieces
 25865 | Orc:2    | Bought a scroll of blinking for 262 gold pieces
 26065 | Shoals:1 | Entered Level 1 of the Shoals
 26331 | Shoals:1 | HP: 2/98 [drowned by a water elemental[a merfolk
                  | aquamancer] (4)]
 26331 | Shoals:1 | Mangled by a water elemental

Illustrated notes

Levels and vault maps discovered:
D:1:      minmay_arrival_shoal_huts, layout_basic, st_stairs_12,
          minmay_tiny_reverse_x
D:2:      layout_loops_ring
D:3:      layout_loops_ring, grunt_temple_overflow_open,
          nemelex_diamond_rough_becter, overflow_temple_1_default,
          gammafunk_ghost_split, uniq_robin, uniq_natasha
D:4:      layout_layer_cave, old_standard_altar, elyvilon_altar_1
D:5:      layout_loops_ring, old_standard_altar, lemuel_crystal_altar,
          lemuel_coloured_pillars_altar, minmay_temple_entry_junction_2,
          uniq_grinder, uniq_sigmund
D:6:      layout_rooms, evilmike_ruin_ashenzari
D:7:      layout_basic, okawaru_altar_gauntlet_db, kennysheep_generic_room_5,
          uniq_duvessa
D:8:      layout_basic, nicolae_ossuary_entry_catacombs
D:9:      layout_layer_cave, mainiacjoe_overflow_six_doors_small,
          kennysheep_big_empty_room
D:10:     layout_roguey, lemuel_tele_altar, tso_oasis_becter, erik_lair_dragon,
          kennysheep_cross_room, chequers_guarded_unrand_ignorance
D:11:     hellmonk_ruined_rings, layout_loops_cross, david_orc_2, serial_shops,
          shop, nicolae_uskayaw_suspiria, uniq_gastronok, uniq_lodul
D:12:     evilmike_horseshoe, layout_basic, gammafunk_ghost_cemetery,
          enter_trove_3, nicolae_blasting_shop, zin_academy, uniq_nergalle
D:13:     layout_loops_cross, erik_vaults_1
D:14:     layout_basic, gammafunk_ghost_hydra_chop,
          chequers_serial_rivers_room_a
D:15:     hangedman_depths_entry_try_elsewhere_first, layout_basic,
          serial_shops, nicolae_shop_behind_doors, lemuel_nasty_fountain,
          uniq_azrael
Lair:1:   layout_roguey, special_room [special_room_bee],
          cheibrodos_lair_lostbears, grunt_megastairs_2
Lair:2:   layout_cave_shapes, nicolae_shoals_entry_roost
Lair:3:   gammafunk_indiana_jones, layout_regular_city,
          spider_nest_entry_funnel_web, wad_woods_03
Lair:4:   layout_small_grid
Lair:5:   due_jungle_book, layout_small_grid, dpeg_slime_entry_corner,
          gammafunk_lair_bear_cave
Shoals:1: layout_shoals
Shoals:2: nicolae_shoals_offshore_bank_account, layout_shoals, serial_shops,
          shop
Orc:1:    layout_diamond_mine, kennysheep_orc_chapel
Orc:2:    st_orc_town, layout_caves, serial_shops,
          nicolae_shop_advertising_works [nicolae_subvault_shop_adworks], shop,
          shop, nicolae_shop_hallway_stairs, nicolae_shop_stone,
          nicolae_shop_firing_range

Skill      XL: |  1  2  3  4  5  6  7  8  9 10 11 12 13 14 15 16 |
---------------+-------------------------------------------------+-----
Fighting       | 1 2 3 4 5 7 10 12 14 15 16 17 | 17.2
Dodging        | 1 2 5 7 |  7.1
Stealth        | 2 3 5 7 9 11 12 13 | 13.0
Evocations     | 3 4 5 6 8 10 11 | 11.7
Short Blades   | 1 2 3 4 6 8 |  8.0
Shields        | 4 6 |  6.1
Armour         | 2 |  2.7
Long Blades    | 6 9 11 12 13 | 13.1

Action                     |  1- 3 |  4- 6 |  7- 9 | 10-12 | 13-15 | 16-18 || total
---------------------------+-------+-------+-------+-------+-------+-------++-------
  Melee: Short sword       |   106 |    67 |       |       |       |       ||   173
         Club              |    10 |       |       |       |       |       ||    10
         Bite              |    29 |    24 |   137 |   247 |   909 |   257 ||  1603
         Punch             |     2 |     1 |     7 |     2 |       |       ||    12
         Rapier            |       |    19 |    54 |       |       |       ||    73
         Flail             |       |    20 |    26 |       |       |       ||    46
         Quick blade       |       |       |   279 |   579 |  1656 |   326 ||  2840
         Scimitar          |       |       |       |       |    63 |   212 ||   275
  Throw: Throwing net      |       |     2 |       |       |       |       ||     2
         Dart              |       |     1 |     4 |    13 |     5 |       ||    23
 Invoke: Call Merchant     |       |       |       |       |       |     3 ||     3
  Evoke: Wand              |     8 |    10 |     1 |     1 |     4 |     2 ||    26
         Condenser vane    |       |       |       |       |     1 |     2 ||     3
         Phial of floods   |       |       |       |       |     1 |     1 ||     2
    Use: Scroll            |     2 |     4 |    18 |     9 |    10 |     3 ||    46
         Potion            |       |       |     1 |     6 |     6 |       ||    13
   Stab: Sleeping          |     5 |     5 |    12 |    15 |    28 |     8 ||    73
         Held in net/web   |       |     1 |       |       |       |       ||     1
         Distracted        |       |       |     3 |     1 |    16 |     4 ||    24
 Armour: Leather armour    |    38 |    27 |   133 |    89 |   228 |   117 ||   632
  Dodge: Dodged            |    81 |    63 |   172 |   121 |   457 |   203 ||  1097
  Block: Buckler           |       |       |       |    88 |   452 |   260 ||   800
         Other             |       |       |       |     8 |       |       ||     8
         Reflection        |       |       |       |     1 |     4 |     4 ||     9

Table legend: (Time is in decaauts)
 A = Elapsed time spent in this place.
 B = Non-inter-level travel time spent in this place.
 C = Inter-level travel time spent in this place.
 D = Time resting spent in this place.
 E = Time spent auto-exploring this place.
 F = Levels seen in this place.
 G = Mean time per level.
                   A        B        C        D        E       F      G
               +--------+--------+--------+--------+--------+-----+--------+
         Total |  24518 |  23135 |   1383 |   1108 |  14645 |  25 |  980.7 |
       Dungeon |  15804 |  14774 |   1030 |   1014 |   9451 |  15 | 1053.6 |
          Lair |   6107 |   5826 |    281 |     42 |   3752 |   5 | 1221.4 |
        Shoals |    248 |    248 |      0 |      0 |    124 |   2 |  124.0 |
  Orcish Mines |   2003 |   1932 |     71 |     52 |   1165 |   2 | 1001.5 |
       Ossuary |    355 |    355 |      0 |      0 |    152 |   1 |  355.0 |
               +--------+--------+--------+--------+--------+-----+--------+

Top non-repeatable levels by time:
  Lair:5: 1706 daAuts
    D:10: 1522 daAuts
  Lair:3: 1421 daAuts
     D:9: 1420 daAuts
    D:14: 1311 daAuts
   Orc:2: 1246 daAuts
     D:8: 1132 daAuts
     D:4: 1125 daAuts
    D:12: 1123 daAuts
     D:1: 1119 daAuts
  Lair:4: 1114 daAuts
    D:11: 1107 daAuts
     D:7: 1084 daAuts
  Lair:2: 961 daAuts
     D:5: 956 daAuts
